[Event "8th Svetozar Gligoric Cup 2022"]
[Site "Paracin"]
[Date "2022.05.31"]
[Round "1.1"]
[White "Markus, Robert"]
[Black "Savicevic, Vlatko"]
[Result "1-0"]
[ECO "D30"]
[WhiteElo "2613"]
[BlackElo "2284"]
[Annotator "TA"]
[PlyCount "65"]
[EventDate "2022.05.31"]
[EventType "team-tourn"]
[EventCountry "SRB"]
[SourceTitle "playchess.com"]
[Source "ChessBase"]
[SourceQuality "1"]
[TimeControl "40/5400+30:900+30"]

1. d4 d5 2. c4 e6 3. Nf3 Nd7 4. g3 dxc4 5. Bg2 Rb8 6. a4 {[%emt 0:03:10][%mdl 1024] White has compensation. D30: Queen's Gambit Declined: Systems without Nc3.} b6 7. O-O Ngf6 8. Nbd2 $5 {[%emt 0:03:55][%mdl 4] White is slightly better. Nowadays more popular than 8.Qc2. Exploring less charted territory.} Ba6 9. Qc2 $1 Be7 10. Nxc4 {[%emt 0:02:02] [#]} O-O $146 ({Predecessor:} 10... Bb7 11. Nfe5 Bxg2 12. Kxg2 Nxe5 13. Nxe5 Qd5+ 14. f3 c5 15. e4 Qb7 16. dxc5 Bxc5 {½-½ (48) Giri,A (2772)-Sychev,K (2550) Warsaw 2021}) 11. Nfe5 Nxe5 12. Nxe5 Nd5 $1 ({Less strong is} 12... Qxd4 13. Nc6 Qc5 14. Qxc5 Bxc5 15. b4 $16 (15. Nxb8 Rxb8 16. Bf3 e5 $14)) 13. Bd2 {[%emt 0:12:52] Nc6 is the strong threat.} Bb7 (13... Bxe2 $2 14. Rfe1 $18) 14. Nc6 Bxc6 15. Qxc6 Nb4 16. Qc4 a5 17. Rfd1 Qd7 18. Rac1 Rfc8 19. Bxb4 Bxb4 20. Bc6 Qe7 21. e4 Rd8 22. e5 f6 23. d5 fxe5 24. dxe6 Rd6 25. Rxd6 cxd6 {[%emt 0:00:07] [#]} ({Black should try} 25... Bxd6 $14 26. Rc2 Bc5) 26. Bd5 $1 $18 {[%emt 0:01:36][%cal Oc4c8] And now Qc8+! would win.} Bc5 {[%emt 0:00:08] [#]} 27. Kg2 (27. Rc3 $1 $18 ) 27... Rf8 28. f3 Kh8 29. h4 Qf6 (29... g6 $14) 30. Re1 (30. h5 $16) 30... Qe7 (30... g6 $14) 31. Rh1 {[%emt 0:01:07] White is more active. White is better.} Qf6 32. Qe4 Rc8 33. Bc4 {[%emt 0:00:14] Weighted Error Value: White=0.10 (very precise) /Black=0.20 (precise)} 1-0

[Event "8th Svetozar Gligoric Cup 2022"]
[Site "Paracin"]
[Date "2022.05.31"]
[Round "1.2"]
[White "Simic, Dragisa"]
[Black "Brenjo, Slavisa"]
[Result "0-1"]
[ECO "C55"]
[WhiteElo "2290"]
[BlackElo "2402"]
[Annotator "TA"]
[PlyCount "60"]
[EventDate "2022.05.31"]
[EventType "team-tourn"]
[EventCountry "SRB"]
[SourceTitle "playchess.com"]
[Source "ChessBase"]
[SourceQuality "1"]
[TimeControl "40/5400+30:900+30"]

1. e4 e5 2. Nf3 Nc6 3. Bc4 Nf6 4. d3 Be7 5. Nc3 d6 6. a3 O-O 7. h3 Be6 8. Nd5 {[%emt 0:02:49] C55: Two Knights: 4 d3, 4 d4 exd4 5 e5 and Max Lange Attack.} Bxd5 9. exd5 Nb8 10. O-O {[%emt 0:01:49] The position is equal.} Nbd7 11. Ba2 Re8 {[%emt 0:00:56] [#]} 12. Re1 $146 ({Predecessor:} 12. d4 exd4 13. Nxd4 Bf8 14. Bg5 Kh8 15. Qf3 h6 16. Be3 Ne5 17. Qg3 Qd7 18. Rae1 {½-½ (44) Escobar Forero,A (2473)-Mendoza,R (2390) Cartagena 2007}) 12... Bf8 13. Ng5 Nb6 14. c4 h6 15. Ne4 g6 16. b4 Nbd7 17. Bb2 (17. Rb1 $16) 17... Nh5 $14 18. Rc1 f5 19. Nc3 Qg5 20. Nb5 (20. Rc2 $14) 20... Nf4 $11 21. Qf3 Bg7 {[%emt 0:16:58][%cal Oe5e4] And now ...e4! would win.} 22. Ba1 (22. Nxc7 e4 23. dxe4 Bxb2 $17) 22... e4 $40 {[%emt 0:09:46][%mdl 128] White needs to defend precisely.} 23. dxe4 Ne5 (23... Rxe4 $5 24. h4 Qxh4 $11) 24. Bxe5 Bxe5 25. Bb1 (25. Nxc7 $16 {aiming for Bb1.} fxe4 26. Qg4 (26. Qxe4 $2 Nxh3+ 27. Kf1 Nxf2 $19) 26... Qxg4 27. hxg4) 25... Re7 26. c5 (26. exf5 Ne2+ $1 27. Qxe2 Bh2+ $1 28. Kf1 Rxe2 29. Kxe2 c6 30. dxc6 bxc6 $17) ({Better is} 26. Rcd1) 26... Rf8 27. cxd6 cxd6 {[%emt 0:00:07] White must now prevent ...fxe4.} 28. Rc7 $2 (28. Nxa7 fxe4 29. Qg4 (29. Bxe4 $2 Bd4 $19) 29... Qf6 30. Bxe4 Bb2 $15) ({Wrong is} 28. exf5 $2 {[#]} Ne2+ $1 29. Qxe2 Bh2+ $1 30. Kf1 Rxe2 31. Kxe2 Qxg2 $19) (28. Rcd1 $11 {and White stays safe.}) 28... fxe4 $19 29. Rxe4 (29. Bxe4 $17 Ne6 30. Rxe7 Rxf3 31. Rxe6) 29... Rxc7 30. Nxc7 {[%emt 0:00:18] [#]} Nxh3+ $1 {[%emt 0:03:00][%mdl 576] Pin.  Weighted Error Value: White=0.47/Black=0.08 (flawless)} 0-1

[Event "8th Svetozar Gligoric Cup 2022"]
[Site "Paracin"]
[Date "2022.05.31"]
[Round "1.3"]
[White "Popovic, Milan S"]
[Black "Adzic, Momcilo"]
[Result "1-0"]
[ECO "B62"]
[WhiteElo "2383"]
[BlackElo "2203"]
[Annotator "TA"]
[PlyCount "57"]
[EventDate "2022.05.31"]
[EventType "team-tourn"]
[EventCountry "SRB"]
[SourceTitle "playchess.com"]
[Source "ChessBase"]
[SourceQuality "1"]
[TimeControl "40/5400+30:900+30"]

1. e4 c5 2. Nf3 Nc6 3. d4 cxd4 4. Nxd4 Nf6 5. Nc3 d6 6. Bg5 e6 7. Bb5 Bd7 8. Qd3 $1 {[%emt 0:00:20][%mdl 4] outshines the older 8.Bxc6. B62: Sicilian: Richter-Rauzer: 6...e6: Unusual White 7th moves.} Be7 9. O-O-O a6 ({Black should try} 9... O-O $11) 10. Bxc6 {[%emt 0:00:25] White is slightly better.} bxc6 11. f4 O-O {[%emt 0:10:06] [#]} 12. Nb3 $146 ({Predecessor:} 12. e5 Ne8 13. Ne4 f6 14. exf6 Nxf6 15. Nxf6+ Bxf6 16. Bxf6 Rxf6 17. g3 c5 18. Nf3 {1-0 (38) Henkel,S (1319)-Kilburn,G (1202) Kalamazoo 1999}) 12... Be8 13. e5 {[%emt 0:53:41] White is more active.} Nd5 $1 14. Bxe7 Qxe7 15. Ne4 ({But not} 15. Nxd5 $6 cxd5 16. Rhe1 dxe5 $11) 15... dxe5 16. fxe5 f6 17. exf6 gxf6 18. Qg3+ Bg6 $1 19. Rhe1 e5 {[%emt 0:01:12] Against Nd4} 20. Qf2 (20. Na5 $1 $14) 20... Rad8 21. Qc5 {[%emt 0:00:31][%cal Od1d5] [#] Black must now prevent Rxd5!} Qe6 22. Nc3 (22. g3 $14) 22... Nxc3 $11 23. Qxc3 Kh8 24. Kb1 Rd5 25. h3 Rfd8 26. Rc1 Qd6 (26... c5 $5) 27. Ka1 a5 28. Nxa5 {[%emt 0:00:25] [#] Nb7 is the strong threat.} Rd2 $2 (28... Ra8 $14 29. Nc4 (29. Nxc6 $2 Rc5 $19) 29... Qe7) 29. Nc4 {[%emt 0:01:43] Weighted Error Value: White=0.11 (very precise) /Black=0.40} 1-0

[Event "8th Svetozar Gligoric Cup 2022"]
[Site "Paracin"]
[Date "2022.05.31"]
[Round "1.4"]
[White "Vuksanovic, Zvezdan"]
[Black "Omorjan, Dejan"]
[Result "1/2-1/2"]
[ECO "B50"]
[WhiteElo "2187"]
[BlackElo "2339"]
[Annotator "TA"]
[PlyCount "82"]
[EventDate "2022.05.31"]
[EventType "team-tourn"]
[EventCountry "SRB"]
[SourceTitle "playchess.com"]
[Source "ChessBase"]
[SourceQuality "1"]
[TimeControl "40/5400+30:900+30"]

1. Nf3 c5 2. g3 g6 3. Bg2 Bg7 4. O-O Nc6 5. e4 d6 6. h3 {[%emt 0:00:13] B50: Sicilian: 2...d6, Miscellaneous.} e5 7. d3 Nge7 8. Be3 h6 9. Nc3 Be6 {[%emt 0:02:43] [#]} 10. Kh2 $146 ({Predecessor:} 10. Ne2 Qd7 11. Kh2 f5 12. Nh4 Nd4 13. c3 Nxe2 14. Qxe2 O-O 15. f4 exf4 16. gxf4 {0-1 (52) Lafour,J (1690)-Karlsson,J (2054) Caleta 2020}) 10... b6 11. Ne2 d5 12. c3 Qd7 13. Qc2 (13. d4 $15) 13... Rc8 14. Qa4 O-O 15. Nfg1 d4 16. cxd4 exd4 17. Bd2 Ne5 18. Qa3 b5 19. Nc1 (19. Nf4 $17) 19... a5 ({Better is} 19... c4 $19 20. Bb4 a5 $1 21. Bxe7 b4 22. Qxa5 Qxe7) 20. b3 (20. f4 $17 N5c6 21. Rb1) 20... c4 $19 21. Bf4 (21. dxc4 {might work better.} bxc4 22. f4) 21... N7c6 (21... cxd3 22. Bxe5 b4 23. Qb2 (23. Qxa5 Nc6 $17) 23... Bxe5 24. Nxd3 $15) 22. Bxe5 Bxe5 23. f4 (23. bxc4 $17 {was necessary.} bxc4 24. f4) 23... Bd6 24. Qb2 f5 25. Qe2 (25. bxc4 $17 {is a better defense.} bxc4 26. dxc4) 25... Nb4 {[%emt 0:02:54] aiming for ...fxe4.} 26. Rd1 cxd3 (26... c3 $19 27. Nf3 Nc6) 27. Nxd3 $17 {[%emt 0:00:39] [#]} Nc2 28. Rac1 Ne3 29. Rxc8 Rxc8 30. Rd2 a4 $2 (30... fxe4 $17 31. Bxe4 g5) 31. bxa4 (31. exf5 $11 Bxf5 32. Nf3) 31... bxa4 (31... Bc4 $17 {...Bb4 is the strong threat.} 32. Qf3 Qb7) 32. exf5 $1 $15 Bxf5 {[%emt 0:01:23] A strong pair of Bishops.} (32... Bc4 $15 33. Qf2 (33. fxg6 Bb4 $17) 33... Qxf5) 33. Nf3 $1 $11 Qa7 34. Nde5 Bc5 35. Nh4 a3 36. Nxf5 gxf5 37. Qb5 {[%emt 0:01:16] Strongly threatening Qb3+.} Qg7 (37... Rb8 $11 38. Qc6 Rb2 39. Rxb2 axb2 40. Qe6+ Kh8 41. Qe8+ (41. Qxh6+ Qh7 $11) 41... Kh7 42. Qg6+ Kh8 43. Qxh6+ Qh7 44. Qf6+ Qg7 45. Qd8+ Qg8 46. Qh4+ Qh7 47. Qd8+ Qg8 48. Qh4+ Qh7 49. Qf6+ Qg7 50. Qd8+ Qg8) 38. Qb3+ (38. Nc6 $14 Ba7 39. Rd3) 38... Kh7 39. g4 Ba7 (39... Re8 $11) 40. Qxa3 (40. gxf5 $16 {Threatens to win with f6.} Rc1 41. Qd3 (41. Qxa3 Rd1 $14)) 40... Rc3 {[%emt 0:00:00] [#]} (40... Bb8 $11 {keeps the balance.} 41. Qa8 Rf8) 41. Qa6 (41. Qd6 $1 $16) 41... Bb8 {[%emt 0:16:42] Whites escaped into a draw.  Weighted Error Value: White=0.33/Black=0.38} 1/2-1/2

[Event "8th Svetozar Gligoric Cup 2022"]
[Site "Paracin"]
[Date "2022.05.31"]
[Round "1.5"]
[White "Pavkov, Nebojsa"]
[Black "Bogosavljevic, Boban"]
[Result "0-1"]
[ECO "A09"]
[WhiteElo "2207"]
[BlackElo "2527"]
[Annotator "TA"]
[PlyCount "111"]
[EventDate "2022.05.31"]
[EventType "team-tourn"]
[EventCountry "SRB"]
[SourceTitle "playchess.com"]
[Source "ChessBase"]
[SourceQuality "1"]
[TimeControl "40/5400+30:900+30"]

1. g3 e5 2. Bg2 d5 3. c4 d4 4. d3 Nc6 5. Nf3 Bb4+ 6. Nbd2 a5 {[%emt 0:01:08] A09: Réti Opening: 1 Nf3 d5 2 c4.} 7. O-O Nf6 8. Nh4 Be7 {[%emt 0:12:42] Black is slightly better.} (8... O-O {seems wilder.} 9. Ne4 Nxe4 10. Bxe4 Bh3) 9. a3 {[%emt 0:14:40] [#]} (9. Bxc6+ $11 bxc6 10. Ndf3) 9... O-O $146 ({Predecessor:} 9... a4 10. Ndf3 Ng8 11. e4 dxe3 12. fxe3 g5 13. Nxg5 Bxg5 14. Qh5 Qe7 15. Bd5 Bf6 16. Qf3 Na5 {0-1 (24) Xaus,J (1970)-Martin,A (2150) IECG email 1998}) 10. Rb1 Re8 11. Ndf3 a4 12. b4 axb3 $1 13. Rxb3 h6 14. Ne1 Nd7 15. Nf5 Nc5 16. Nxe7+ Qxe7 (16... Rxe7 $6 17. Rb5 Qd6 18. Nc2 $15) 17. Rb5 e4 18. Bb2 Bf5 19. dxe4 Bxe4 20. Bxe4 ({White should try} 20. Bxd4 $15 Nxd4 21. Qxd4) 20... Nxe4 {[%emt 0:00:23] Pair of Knights!} 21. Rxb7 (21. Nc2 $17 {was necessary.}) 21... Rad8 $2 (21... Nd6 $19 22. Rb3 Qxe2) 22. Rb5 $15 Qe6 {[%emt 0:01:35] Inhibits Rd5. Black is much more active.} (22... Nc3 $15 23. Bxc3 dxc3) 23. Qd3 {[%emt 0:00:48] [#]} (23. Nf3 $11 {remains equal.}) 23... Nd6 $1 $17 24. Rc5 {[%emt 0:00:42] [#]} (24. Rd5 $142) 24... Ne5 $1 $36 {[%emt 0:00:20][%cal Bc6e5,Be5c4,Bc4d2][%mdl 2080] Black is really pushing.} ({Don't play} 24... Qxe2 25. Ba1 Nb8 26. Qxd4 $14) 25. Qxd4 Ndxc4 {[%emt 0:00:13][%mdl 64] Discovered Attack} 26. Qc3 Nxb2 27. Qxb2 Nc4 {[%emt 0:00:06][%mdl 64] Discovered Attack} 28. Qb3 Nd2 {[%emt 0:00:33][%mdl 64] Discovered Attack, Double Attack} 29. Qxe6 Rxe6 30. e3 Rd7 ({Inferior is} 30... Nxf1 31. Kxf1 Rd2 32. Rc3 $17) (30... Rf6 $19 31. Rc2 c5) 31. Kg2 Nxf1 32. Kxf1 {[%emt 0:00:02][%mdl 4096] Endgame KRR-KRN} Rb6 33. Ke2 {[%emt 0:00:35] Inhibits Rd2+.} Rb2+ 34. Nc2 Kf8 35. Rc6 Ke7 36. h4 Kd8 37. Rc3 Rd6 38. Rc5 (38. e4 $17 {might work better.}) 38... Kd7 $19 39. Rc3 Rc6 40. Kd3 Rxc3+ 41. Kxc3 {[%emt 0:01:17] KR-KN} Rb1 42. Nb4 Ra1 43. Kb2 Rf1 44. Nd3 f5 45. Kc3 Kd6 46. Kc4 Ra1 47. Kb4 Kd5 48. Nf4+ Kd6 49. Nd3 g5 50. hxg5 hxg5 51. a4 Kd5 52. Nc5 $2 (52. a5) 52... g4 53. a5 {[%emt 0:01:03] [#]} Rxa5 54. Ne6 {[%emt 0:02:52] [#]} (54. Nd7 Ra2) 54... Kxe6 $1 55. Kxa5 Ke5 56. Kb5 {[%emt 0:00:03] Weighted Error Value: White=0.58/Black=0.18 (very precise)} 0-1

[Event "8th Svetozar Gligoric Cup 2022"]
[Site "Paracin"]
[Date "2022.05.31"]
[Round "1.6"]
[White "Stankovic, Milos"]
[Black "Cica, Dragan"]
[Result "1-0"]
[ECO "B52"]
[WhiteElo "2430"]
[BlackElo "2124"]
[Annotator "TA"]
[PlyCount "119"]
[EventDate "2022.05.31"]
[EventType "team-tourn"]
[EventCountry "SRB"]
[SourceTitle "playchess.com"]
[Source "ChessBase"]
[SourceQuality "1"]
[TimeControl "40/5400+30:900+30"]

1. e4 c5 2. Nf3 d6 3. d4 cxd4 4. Qxd4 e5 5. Bb5+ Bd7 6. Bxd7+ Nxd7 7. Qd3 Ngf6 8. Nc3 Be7 {[%emt 0:00:37] B52: Sicilian: Moscow Variation with 3...Bd7.} 9. Bg5 a6 10. O-O (10. Bxf6 $5 Nxf6 11. Rd1 $11) 10... O-O {[%emt 0:05:32] White is slightly better.} 11. Bxf6 Nxf6 {[%emt 0:00:12] [#]} 12. Nd2 $146 ({Predecessor:} 12. Nd5 Nxd5 13. Qxd5 Qc7 14. c4 Rac8 15. b3 g6 16. Ne1 Kg7 17. Nc2 f5 18. Qd3 {½-½ (36) Krivenko,D (2098)-Singh,O (1933) Arandjelovac 2021}) 12... Rc8 13. Nc4 Re8 14. Rfd1 Rc6 15. Ne3 Qb6 16. Rab1 Bf8 17. Ncd5 Nxd5 18. Nxd5 Qc5 19. c3 Qa5 20. Rd2 b5 21. Rbd1 Rec8 22. a3 {[%emt 0:02:04] White is more active.} Qa4 23. h4 f5 {[%emt 0:01:29] [#]} (23... Qa5 $16 24. Nb4 Rc4) 24. Nb4 $1 $18 (24. exf5 $6 Qxh4 25. f6 Qh5 26. fxg7 Kxg7 $16) 24... Rc5 {[%emt 0:00:48] Inhibits Qd5+.} 25. Re1 (25. exf5 $142 {[%cal Of5f6] Hoping for f6!} a5 26. Nd5 (26. Na6 R5c6 $11)) 25... fxe4 26. Rxe4 ({Don't play} 26. Qxe4 $6 a5 27. Nd5 Qxe4 28. Rxe4 Rc4 $11) 26... Rc4 (26... Qa5 $16) 27. Rxc4 bxc4 28. Qd5+ Kh8 29. Qb7 Qe8 30. Qxa6 ({But not} 30. Nxa6 $6 Rd8 31. Nb4 g6 $16) 30... Qe6 31. Qb7 e4 32. Qd5 Qg4 33. Rd4 Qxh4 (33... Qe2 {might work better.} 34. Qxe4 Qxb2 35. Rxc4 Rxc4 36. Qxc4 Qc1+ 37. Kh2 d5 38. Nxd5 Qb2) 34. Rxe4 Qh6 35. Re3 Qg6 36. Qe4 {[%emt 0:00:38] Inhibits Qb1+.} (36. g3 $142) 36... Qxe4 37. Rxe4 {[%emt 0:00:08][%mdl 4096] Endgame KRB-KRN} Kg8 38. Kf1 Kf7 39. Ke2 Rc5 40. Kd1 Be7 41. Nc2 d5 42. Rf4+ Bf6 43. Nd4 g5 44. Rf5 Kg6 (44... h5 $1 $14) 45. g4 Bxd4 46. cxd4 {[%emt 0:00:06] KR-KR} Rb5 47. Kc2 h5 {[%emt 0:00:08] [#]} 48. f4 $1 ({Much less strong is} 48. a4 $6 Ra5 $14) 48... hxg4 $2 (48... gxf4 49. Rxh5 Rb3) 49. Rxg5+ Kf6 50. Rxg4 {[%emt 0:04:40] Rg5 is the strong threat.} Kf5 51. Rg1 Ke4 (51... Kxf4 $142 52. Re1 Kg5) 52. f5 Kxd4 $2 (52... Kxf5 53. Re1 Ra5 54. Re5+ Kf6) 53. f6 {[%emt 0:00:14] White wants to mate with f7.} Rb7 54. Rf1 {[%emt 0:02:35] Threatens to win with f7.} Rf7 55. Kd2 Ke5 56. Kc3 Rxf6 57. Rxf6 {[%emt 0:00:07] White mates.} Kxf6 58. Kd4 Ke6 59. a4 Kd6 60. a5 {[%emt 0:00:12] Weighted Error Value: White=0.21 (precise) /Black=0.51} 1-0

[Event "8th Svetozar Gligoric Cup 2022"]
[Site "Paracin"]
[Date "2022.05.31"]
[Round "1.7"]
[White "Alimpic, Aleksa"]
[Black "Zajic, Milan"]
[Result "0-1"]
[ECO "D00"]
[WhiteElo "2234"]
[BlackElo "2426"]
[Annotator "TA"]
[PlyCount "70"]
[EventDate "2022.05.31"]
[EventType "team-tourn"]
[EventCountry "SRB"]
[SourceTitle "playchess.com"]
[Source "ChessBase"]
[SourceQuality "1"]
[TimeControl "40/5400+30:900+30"]

1. d4 Nf6 2. Bg5 d5 3. e3 c5 4. Bxf6 gxf6 5. dxc5 Nc6 6. Bb5 {[%emt 0:00:10] D00: 1 d4 d5: Unusual lines.} Rg8 7. Nc3 {[%emt 0:10:23] [#]} e6 $146 ({Predecessor:} 7... a6 8. Bf1 e6 9. Na4 Bd7 10. c3 Ne5 11. Nb6 Rb8 12. b4 Bc6 13. Ne2 Bb5 {1-0 (29) Naess,J (2074)-Trevis,R (1063) LSS email 2011}) 8. Qh5 {[%emt 0:07:58] The position is equal.} Rxg2 9. Nge2 {[%emt 0:05:34] Ng3 is the strong threat.} Rg6 10. O-O-O {[%emt 0:23:47] Strongly threatening e4.} Rh6 11. Qf3 f5 {[%emt 0:08:30] Against e4} 12. Nd4 Bd7 13. Nb3 a6 14. Bxc6 Bxc6 15. Qe2 Qc7 16. f3 $1 O-O-O 17. Kb1 Be7 18. e4 (18. h4 $15) 18... dxe4 $19 19. Rxd8+ Bxd8 20. fxe4 {[%emt 0:00:28] [#]} Bf6 $1 21. Qd2 Rh4 22. Rg1 (22. h3 {was necessary.}) 22... Rg4 $2 ({Worse is} 22... fxe4 23. Rg8+ Bd8 24. Qd4 $17) ({Black should try} 22... Qxh2 $19 23. Qd1 (23. Rg8+ $2 Kc7 $19) 23... Bxe4 24. Nxe4 Rxe4) 23. Rxg4 $15 fxg4 24. Qe2 $2 (24. Qh6 $17 Qe7 25. Qxh7) 24... h5 $19 25. Qf2 (25. Nc1 $142) 25... Qe5 ({But not} 25... Bxc3 $2 26. bxc3 Bxe4 27. Kb2 $19) 26. Nd2 Qd4 27. Qxd4 Bxd4 {[%emt 0:00:02][%mdl 4096] Endgame KBB-KNN} 28. Ne2 Be5 29. Ng3 h4 30. Ngf1 Bd4 {[%emt 0:00:51] This bishop pair is nice.} (30... h3 $142 31. Kc1 {[#]} Bxh2 $1 ) 31. b4 (31. c3 {might work better.} Be5 32. Ka1) 31... f5 {[%emt 0:00:17] Black is clearly winning.} 32. exf5 exf5 {[%emt 0:00:03][%cal Be6f5,Bf5f4,Bf4g3][%mdl 32] Threatens to win with ...f4.} 33. Kc1 f4 {[%emt 0:00:43] And now ...g3 would win.} 34. Kd1 g3 {[%emt 0:00:19] aiming for ...g2.} 35. hxg3 fxg3 {[%emt 0:00:21] Weighted Error Value: White=0.94/Black=0.21 (precise)} 0-1

[Event "8th Svetozar Gligoric Cup 2022"]
[Site "Paracin"]
[Date "2022.05.31"]
[Round "1.8"]
[White "Toth, Aleksandar"]
[Black "Dedijer, Zarko"]
[Result "1-0"]
[ECO "C00"]
[WhiteElo "2335"]
[BlackElo "1884"]
[Annotator "TA"]
[PlyCount "65"]
[EventDate "2022.05.31"]
[EventType "team-tourn"]
[EventCountry "SRB"]
[SourceTitle "playchess.com"]
[Source "ChessBase"]
[SourceQuality "1"]
[TimeControl "40/5400+30:900+30"]

1. e4 e6 2. d3 d5 3. Nd2 c5 4. Ngf3 Nc6 5. g3 Nf6 6. Bg2 Be7 7. O-O O-O 8. e5 Nd7 9. Re1 Qc7 10. Qe2 b5 11. Nf1 Bb7 {[%emt 0:00:57] now scores much better than the old 11...a5.} 12. h4 Rac8 {[%emt 0:00:42] C00: French: Unusual White 2nd moves.} 13. Bf4 Nd4 14. Nxd4 cxd4 {[%emt 0:00:07] The position is equal.} 15. Rec1 b4 16. Nh2 Qb6 {[%emt 0:08:02] [#]} 17. h5 $146 ({Predecessor:} 17. Bg5 f6 18. exf6 Bxf6 19. Bh3 Rce8 20. f4 Bc8 21. Nf3 h6 22. Bxf6 gxf6 23. Rf1 {1-0 (58) Schulz,K (2310)-Reipsch,J (2217) Germany 2012}) 17... Rc6 18. h6 {[%emt 0:13:42] [#] And now hxg7 would win.} g6 19. Nf3 Rfc8 20. Qd2 a5 21. Bh3 a4 22. Rab1 Ba6 23. Bg5 Bf8 ({Resist} 23... Bxg5 24. Qxg5 b3 25. axb3 axb3 26. cxb3 Bxd3 27. Rxc6 Qxc6 28. Ra1 $16) 24. Qf4 (24. Bf1 $11 {was preferrable.}) 24... Rxc2 25. Rxc2 Rxc2 26. Nxd4 (26. Bf1 $1 $15) 26... Rc8 $17 {[%emt 0:03:39] White must now prevent ...Bc5.} 27. Rd1 Qc7 $2 {[%emt 0:01:58][%mdl 8192] [#] Black cannot hold the game after this.} (27... a3 $17 {keeps the pressure on.} 28. b3 Rc3) 28. Nxe6 $1 $18 {[%emt 0:01:54][%mdl 512] White is clearly winning.} Qxe5 (28... Qc6 29. Nxf8) 29. Nxf8 Qxf4 30. Bxf4 Nxf8 31. Bxc8 Bxc8 32. Rc1 Bf5 33. Bd6 {[%emt 0:00:20] Weighted Error Value: White=0.08 (flawless) /Black=0.49} 1-0

[Event "8th Svetozar Gligoric Cup 2022"]
[Site "Paracin"]
[Date "2022.05.31"]
[Round "1.9"]
[White "Atalik, Suat"]
[Black "Filipovic, Ivica"]
[Result "1-0"]
[ECO "D17"]
[WhiteElo "2459"]
[BlackElo "1984"]
[Annotator "TA"]
[PlyCount "29"]
[EventDate "2022.05.31"]
[EventType "team-tourn"]
[EventCountry "SRB"]
[SourceTitle "playchess.com"]
[Source "ChessBase"]
[SourceQuality "1"]
[TimeControl "40/5400+30:900+30"]

1. d4 d5 2. c4 c6 3. Nf3 Nf6 4. Nc3 dxc4 5. a4 Bf5 6. Ne5 Nbd7 {[%emt 0:03:46] 6...Nbd7 is better than 6...e6.} 7. Nxc4 e6 8. f3 Bg6 {[%emt 0:03:04] D17: Slav Defence: 5 a4 Bf5: Lines with 6 Nh4 and 6 Ne5.} 9. e4 Qc7 (9... a5 $14) 10. g3 $16 Nb6 {[%emt 0:19:50] White is better.} 11. Bf4 Qd8 12. Ne5 {[%emt 0:00:00] [#] White is more active.} Nbd7 $146 ({Predecessor:} 12... Be7 13. a5 Nbd7 14. Qb3 Nxe5 15. dxe5 Nd7 16. Qxb7 Rb8 17. Qxc6 Rxb2 18. Bb5 Bb4 19. Bg5 {1-0 (19) Ter Steeg,R (800)-Raines,D (1099) IECC email 2014}) 13. a5 Nxe5 14. Bxe5 Bd6 $2 {[%emt 0:05:52] [#]} (14... Be7 $14) 15. Bxd6 $1 {[%emt 0:00:00] Weighted Error Value: White=0.06 (flawless) /Black=0.52} 1-0

[Event "8th Svetozar Gligoric Cup 2022"]
[Site "Paracin"]
[Date "2022.05.31"]
[Round "1.10"]
[White "Kandjolas, Konstantin"]
[Black "Markovic, Miroslav"]
[Result "1/2-1/2"]
[ECO "E91"]
[WhiteElo "2031"]
[BlackElo "2271"]
[Annotator "TA"]
[PlyCount "65"]
[EventDate "2022.05.31"]
[EventType "team-tourn"]
[EventCountry "SRB"]
[SourceTitle "playchess.com"]
[Source "ChessBase"]
[SourceQuality "1"]
[TimeControl "40/5400+30:900+30"]

1. d4 Nf6 2. c4 g6 3. Nc3 Bg7 4. e4 d6 5. Nf3 O-O 6. Be2 Bg4 7. Be3 Nfd7 8. Rc1 e5 9. d5 a5 10. Nd2 {[%emt 0:03:18] [#] Black must now prevent f3. E91: King's Indian: Classical: 6 Be2, unusual replies including 6...c5 and 6...Bg4.} Bxe2 11. Qxe2 f5 {[%emt 0:01:01] aiming for ...f4.} 12. f3 Bh6 13. O-O Bxe3+ 14. Qxe3 Na6 (14... f4 $5 15. Qe2 Nc5 $11) 15. a3 f4 16. Qe2 {[%emt 0:09:05] [#]} Qh4 $146 ({Predecessor:} 16... c6 17. Kh1 Ndc5 18. b3 Qf6 19. Rb1 Nd7 20. Rfd1 Nac5 21. b4 axb4 22. axb4 Na4 23. Nxa4 Rxa4 {½-½ (32) Zur Lage,J (2084)-Bergauz,N (2236) Bayern 2015}) 17. Rb1 g5 18. b4 axb4 19. axb4 Rf6 20. Qf2 ({White should play} 20. Nd1 $14) 20... Qxf2+ $11 21. Kxf2 h5 22. h3 Kf7 (22... g4 {keeps more tension.} 23. Rh1 gxf3 24. gxf3 Rg6) 23. Nb5 Rg8 24. c5 dxc5 25. bxc5 Ndxc5 26. Nc4 Nd7 27. Nxc7 Nac5 (27... Nxc7 $11 28. Rxb7 Rc8) 28. Ke2 {[%emt 0:11:03] White is more active.} ({Better is} 28. Rfd1 $16) 28... g4 {[%emt 1:27:21] The position is equal.} 29. hxg4 hxg4 30. Ne6 gxf3+ 31. gxf3 {[%emt 0:00:30] [#] Hoping for Nxc5.} Rg2+ 32. Rf2 Rxf2+ 33. Kxf2 {Weighted Error Value: White=0.13 (very precise) /Black=0.12 (very precise)} 1/2-1/2